 Dungeon Crawl Stone Soup version 0.31-a0-216-g22e908daa7 (webtiles) character file.

Game seed: 2028434236126028789

149 qw the Shooter (level 5, -1/30 HPs)
             Began as a Gargoyle Hexslinger on July 2, 2023.
             Slain by a lemure (5 damage)
             ... led by Pikel
             ... on level 4 of the Dungeon.
             The game lasted 00:00:57 (2363 turns).

qw the Shooter (Gargoyle Hexslinger)                Turns: 2363, Time: 00:00:58

Health: -1/30      AC:  9    Str: 11    XL:     5   Next: 31%
Magic:  6/6        EV: 10    Int: 14    God:
Gold:   226        SH:  0    Dex: 14    Spells: 5/6 levels left

rFire   . . .        Y - +1 sling
rCold   . . .        (no shield)
rNeg    + . .        b - +0 ring mail
rPois   inf          (no helmet)
rElec   +            (no cloak)
rCorr   .            (no gloves)
SInv    .            (no boots)
Will    .....        (no amulet)
Stlth   +            (no ring)
HPRegen 0.25/turn    (no ring)
MPRegen 0.10/turn

%: no passive effects
@: no status effects
A: sickness immunity, AC +4, negative energy resistance 1, electricity
resistance, torment resistance 1, petrification resistance
a: no special abilities


You were on level 4 of the Dungeon.
You visited 1 branch of the dungeon, and saw 4 of its levels.

You collected 226 gold pieces.


Innate Abilities, Weirdness & Mutations

You are immune to sickness and miasma.
Your stone body is resilient. (AC +4)
You are immune to poison.
You resist negative energy. (rN+)
You are resistant to electric shocks. (rElec)
You are resistant to unholy torment.
You are immune to petrification.


   Skills:
 - Level 2.0 Fighting
 + Level 4.6 Ranged Weapons
 - Level 1.9 Armour
 - Level 1.5 Dodging
 - Level 1.0 Spellcasting
 - Level 2.6 Hexes


You had 5 spell levels left.
You knew the following spells:

 Your Spells              Type           Power      Damage    Failure   Level
a - Slow                  Hex            32%        N/A       21%         1

Your spell library contained the following spells:

 Spells                   Type           Power      Damage    Failure   Level
 Inner Flame              Hex/Fire       4%         N/A       71%         3
 Portal Projectile        Hex/Tloc       8%         N/A       71%         3
 Cause Fear               Hex            4%         N/A       90%         4

Inventory:

Hand Weapons
 Y - a +1 sling (weapon)
Armour
 b - a +0 ring mail (worn)
 f - a +0 cloak
Jewellery
 d - an amulet of regeneration
Scrolls
 a - a scroll of teleportation
Potions
 c - a potion of haste
 g - a potion of heal wounds {unknown}
 h - a potion of might {unknown}
 i - a potion of degeneration {unknown}
 j - a potion of curing
 k - a potion of mutation {unknown}

Dungeon Overview and Level Annotations

Branches:
Dungeon (4/15)
 Temple: D:4-7

Altars:
Wu Jian
The Shining One

Annotations:
D:3 3 runed translucent doors, qw's ghost, weakling MiHs
D:4 Pikel


Message History

You shoot a sling bullet.
The sling bullet hits the lemure but does no damage.
The lemure is lightly wounded.
Pikel, Merchant of Souls comes into view.
He is wielding a +1 whip of electrocution and carrying a wand of mindburst (20).
You shoot a sling bullet. The sling bullet hits the lemure.
The lemure is lightly wounded.
You shoot a sling bullet.
The sling bullet closely misses the lemure.
A lemure comes into view.
You shoot a sling bullet. The lemure shouts!
The sling bullet hits the lemure.
The lemure is moderately wounded.
You hear a shout!
The lemure hits you.
A lemure comes into view.
The lemure hits you but does no damage.
You shoot a sling bullet. The sling bullet hits the lemure.
The lemure is moderately wounded.
The lemure hits you. x2
You shoot a sling bullet.
The sling bullet hits the lemure but does no damage.
The lemure is moderately wounded.
The lemure hits you. The lemure hits you but does no damage.
You shoot a sling bullet.
The sling bullet barely misses the lemure.
Pikel hits you with a +1 whip of electrocution.
The lemure misses you. x2
You shoot a sling bullet.
The sling bullet closely misses the lemure.
The lemure barely misses you. The lemure hits you. Pikel closely misses you.
You shoot a sling bullet.
The sling bullet barely misses the lemure.
Pikel zaps a wand.
Your mind is blasted!
The lemure completely misses you. The lemure hits you.
You shoot a sling bullet. The sling bullet hits the lemure!
The lemure is severely wounded.
Pikel zaps a wand.
Your mind is blasted!
The lemure closely misses you. The lemure hits you.
You die...

#.# #.#######.#
#.........#
#.........#
########........#
................#
########........#
#............55######
#.######.....@K......
#.....<#....##55.....
########.#### .......
#.# ....... #.#
....... #.# .......
#.# ....... #.#
....... #.#


You could see Pikel and 4 lemures.

Vanquished Creatures
  A hound (D:3)
  An orc priest (D:3)
  3 adders (D:2)
  5 orcs (D:3)
  4 ball pythons
  3 endoplasms (D:2)
  2 giant cockroaches
  5 hobgoblins
  6 kobolds
  2 quokkas (D:2)
  8 bats
  5 frilled lizards
  6 goblins
  6 rats
57 creatures vanquished.

Notes
Turn   | Place    | Note
-------+----------+-------------------------------------------
     0 | D:1      | qw the Gargoyle Hexslinger began the quest for the Orb.
     0 | D:1      | Reached XP level 1. HP: 12/12 MP: 2/2
     0 | D:1      | 0 ||| qw: Version: 0.3-a-35-g05ef00e
     0 | D:1      | 0 ||| qw: Game counter: 7827
     0 | D:1      | 0 ||| qw: Melee chars always use a shield: true
     0 | D:1      | 0 ||| qw: God list: Okawaru
     0 | D:1      | 0 ||| qw: Allow faded altars: false
     0 | D:1      | 0 ||| qw: Do Orc after clearing Dungeon:15 true
     0 | D:1      | 0 ||| qw: Do second Lair branch before Depths: true
     0 | D:1      | 0 ||| qw: Lair rune preference: random
     0 | D:1      | 0 ||| qw: Goals: Normal
     0 | D:1      | 0 ||| PLANNING D:1-11
   158 | D:1      | Reached XP level 2. HP: 15/16 MP: 3/3
   385 | D:1      | Reached skill level 3 in Ranged Weapons
   487 | D:1      | 487 ||| UPGRADING to +0 leather armour.
   497 | D:1      | 497 ||| DROPPING +0 robe.
   498 | D:1      | 498 ||| DROPPING scroll of poison.
   555 | D:2      | Found an ornate altar of the Wu Jian Council.
   560 | D:2      | Reached XP level 3. HP: 21/21 MP: 4/4
   600 | D:2      | 600 ||| FLEEEEING.
   859 | D:2      | Reached XP level 4. HP: 26/26 MP: 5/5
   878 | D:2      | Reached skill level 4 in Ranged Weapons
  1178 | D:2      | 1178 ||| UPGRADING to +0 ring mail.
  1188 | D:2      | 1188 ||| DROPPING +0 leather armour.
  1189 | D:2      | 1189 ||| READING scroll labelled OHITTE XEMIC.
  1190 | D:2      | 1190 ||| READING scroll labelled JOMMAARCHUVVE.
  1191 | D:2      | 1191 ||| DRINKING 2 golden potions.
  1192 | D:2      | 1192 ||| DRINKING 2 lumpy puce potions.
  1325 | D:3      | HP: 6/26 [orc priest/+0 dagger (2)]
  1328 | D:3      | HP: 2/26 [orc priest/+0 dagger (2)]
  1332 | D:3      | Reached skill level 1 in Armour
  1857 | D:3      | Reached XP level 5. HP: 21/30 MP: 6/6
  1912 | D:3      | Found a glowing golden altar of the Shining One.
  2089 | D:3      | Found a runed translucent gate.
  2089 | D:3      | Found a runed translucent gate.
  2089 | D:3      | Noticed qw's ghost (weakling MiHs)
  2090 | D:3      | Found a runed translucent gate.
  2091 | D:3      | Noticed a kobold brigand
  2200 | D:3      | 2200 ||| READING 2 scrolls labelled LUER MITANUE.
  2266 | D:3      | 2266 ||| READING scroll labelled MIGGEFOAB TUDE.
  2267 | D:3      | 2267 ||| READING scroll labelled REAH LOTADISI.
  2268 | D:3      | 2268 ||| READING scroll labelled FYOPOF KI FOXE.
  2352 | D:4      | Noticed a lemure
  2352 | D:4      | Noticed a lemure
  2354 | D:4      | Noticed Pikel
  2356 | D:4      | Noticed a lemure
  2357 | D:4      | Noticed a lemure
  2363 | D:4      | HP: 4/30 [disintegration (6)]
  2363 | D:4      | Slain by a lemure

Levels and vault maps discovered:
D:1:      amcnicky_arrival_abandoned_market, layout_rooms
D:2:      layout_loops_cross, basic_altar
D:3:      layout_basic, nicolae_tso_swordbearing_angel,
          gammafunk_ghost_nasty_kobolds, grunt_ministairs_9, st_stairs_13,
          minmay_strange_pillars
D:4:      layout_basic, uniq_pikel

Skill      XL: |  1  2  3  4 |
---------------+-------------+-----
Ranged Weapons | 3 4 |  4.6
Fighting       | 2 |  2.0
Armour         | 1 |  1.9
Dodging        | |  1.5
Spellcasting   | |  1.0
Hexes          | |  2.6

Action                     |  1- 3 |  4- 6 || total
---------------------------+-------+-------++-------
   Fire: Sling             |   125 |    99 ||   224
    Use: Scroll            |       |     6 ||     6
         Potion            |       |     2 ||     2
 Armour: Robe              |     6 |       ||     6
         Leather armour    |    18 |     3 ||    21
         Ring mail         |       |    33 ||    33
  Dodge: Dodged            |    48 |    39 ||    87

Table legend:
 A = Non-vault XP
 B = Vault XP
 C = Vault XP percentage of total XP
 D = Non-vault monster count
 E = Vault monster count
 F = Vault count percentage of total count
                 A         B        C        D         E       F
            +---------+---------+-------+---------+---------+-------
      Total |     202 |      11 |   5.2 |      52 |       5 |   8.8
            +---------+---------+-------+---------+---------+-------
        D:1 |      21 |       0 |   0.0 |      14 |       0 |   0.0
        D:2 |      75 |       0 |   0.0 |      23 |       0 |   0.0
        D:3 |     106 |      11 |   9.4 |      15 |       5 |  25.0
            +---------+---------+-------+---------+---------+-------
